 Dungeon Crawl Stone Soup version 0.30-a0-368-g86fb4627a9 (webtiles) character file.

Game seed: 17324874503736801072

93 oldriver the Magician (level 4, -1/34 HPs)
             Began as a Mummy Necromancer on Nov 19, 2022.
             Slain by Terence
             ... wielding a +0 mace
              (7 damage)
             ... on level 2 of the Dungeon.
             The game lasted 00:01:25 (2037 turns).

oldriver the Magician (Mummy Necromancer)           Turns: 2037, Time: 00:01:26

Health: -1/34      AC:  2    Str: 11    XL:     4   Next: 36%
Magic:  4/10       EV: 12    Int: 16    God:
Gold:   79         SH:  0    Dex: 12    Spells: 11/12 levels left

rFire   x . .      SeeInvis .    c - +0 quarterstaff
rCold   + . .      Faith    +    (shield currently unavailable)
rNeg    + + +      Spirit   .    a - +0 robe
rPois   ∞          Reflect  .    (no helmet)
rElec   .          Harm     .    (no cloak)
rCorr   .          Rampage  .    (no gloves)
Will    .....                    (no boots)
Stlth   ++........               (no amulet)
HPRegen 0.25/turn                (no ring)
MPRegen 0.12/turn                (no ring)

@: no status effects
A: cold resistance 1, negative energy resistance 3, torment resistance 2, heat
vulnerability 1, in touch with death 1, no potions, faith
a: no special abilities


You were on level 2 of the Dungeon.
You visited 1 branch of the dungeon, and saw 2 of its levels.

You collected 79 gold pieces.

Inventory:

Hand Weapons
 c - a +0 quarterstaff (weapon)
Armour
 a - a +0 robe (worn)
Scrolls
 b - 3 scrolls of teleportation {unknown}
 d - a scroll of torment {unknown}
 e - a scroll of poison {unknown}
 f - a scroll of enchant weapon {unknown}
 g - 2 scrolls of fog {unknown}
 h - a scroll of identify {unknown}
 i - 3 scrolls of noise {unknown}


   Skills:
 + Level 2.7 Fighting
 - Level 1.5 Dodging
 - Level 1.5 Stealth
 + Level 4.5 Spellcasting
 - Level 4.0 Necromancy


You had 11 spell levels left.
You knew the following spells:

 Your Spells              Type           Power      Damage    Failure   Level
a - Necrotise             Necr           96%        1d8       3%          1

Your spell library contained the following spells:

 Spells                   Type           Power      Damage    Failure   Level
 Vampiric Draining        Necr           24%        2d7       10%         3
 Animate Dead             Necr           24%        N/A       30%         4
 Inner Flame              Hex/Fire       3%         N/A       43%         3
 Agony                    Necr           24%        N/A       65%         5
 Cause Fear               Hex            1%         N/A       85%         4
 Discord                  Hex            1%         N/A       100%        8


Dungeon Overview and Level Annotations

Branches:
Dungeon (2/15)

Altars:

Annotations:
D:2 Terence


Innate Abilities, Weirdness & Mutations

You are immune to poison.
Your flesh is cold resistant. (rC+)
You are immune to negative energy. (rN+++)
You are immune to unholy pain and torment.
You are vulnerable to heat. (rF-)
You are in touch with the powers of death.
You do not drink.
You have a special connection with the divine. (Faith)


Message History

You are too injured to fight recklessly!
Casting: Necrotise (safe; 3% risk of failure)
Confirm with . or Enter, or press ? or * to list all spells.
You don't know that spell.
Unknown command.
You hit Terence but do no damage. Terence hits you with a +0 mace!
* * * LOW HITPOINT WARNING * * *
You hit Terence.
Terence is lightly wounded.
Terence barely misses you.
Casting: Necrotise (safe; 3% risk of failure)
Confirm with . or Enter, or press ? or * to list all spells.
Aiming: Necrotise (safe; 3% risk of failure)
Press: ? - help, Shift-Dir - straight line, f/p - Terence
Aim: Terence, wielding a +0 mace and wearing a +0 scale mail (chance to affect: 88%)
You feel a surge of power!
Terence writhes in agony.
Terence says, "You're history."
Terence barely misses you.
Casting: Necrotise (safe; 3% risk of failure)
Confirm with . or Enter, or press ? or * to list all spells.
Aiming: Necrotise (safe; 3% risk of failure)
Press: ? - help, Shift-Dir - straight line, f/p - Terence
Aim: Terence, wielding a +0 mace and wearing a +0 scale mail (lightly wounded, chance to affect: 88%)
You feel a surge of power!
Terence barely resists.
Terence misses you.
Casting: Necrotise (safe; 3% risk of failure)
Confirm with . or Enter, or press ? or * to list all spells.
Aiming: Necrotise (safe; 3% risk of failure)
Press: ? - help, Shift-Dir - straight line, f/p - Terence
Aim: Terence, wielding a +0 mace and wearing a +0 scale mail (lightly wounded, chance to affect: 88%)
You feel a surge of power!
Terence writhes in agony.
Terence hits you with a +0 mace.
* * * LOW HITPOINT WARNING * * *
Casting: Necrotise (safe; 3% risk of failure)
Confirm with . or Enter, or press ? or * to list all spells.
Aiming: Necrotise (safe; 3% risk of failure)
Press: ? - help, Shift-Dir - straight line, f/p - Terence
Aim: Terence, wielding a +0 mace and wearing a +0 scale mail (moderately wounded, chance to affect: 88%)
You feel a surge of power!
Terence writhes in agony.
Terence hits you with a +0 mace!
You die...

#. #. ###. #.##
#.) #... #.# #.##
##.##
####...###### ##
#$.)........# ...
#@##...####.###.#.
#@###.## #.....#.
#.# #.#####....##.
#.# #........#.##.
#.# #######....##.
#.# #.#.###. #.#
#.#.###.
#.#########.#.....
.........#####.


You could see Terence.

Vanquished Creatures
  Jessica (D:2)
  2 adders (D:2)
  A worm (D:2)
  4 dart slugs
  5 endoplasms
  A giant cockroach (D:2)
  4 goblins
  2 hobgoblins (D:1)
  2 kobolds
  3 quokkas
  5 ball pythons
  A bat (D:1)
  A frilled lizard (D:2)
  5 rats
37 creatures vanquished.

Vanquished Creatures (collateral kills)
  A rat (D:2)
1 creature vanquished.

Grand Total: 38 creatures vanquished

Notes
Turn   | Place    | Note
-------+----------+-------------------------------------------
     0 | D:1      | oldriver the Mummy Necromancer began the quest for the Orb.
     0 | D:1      | Reached XP level 1. HP: 13/13 MP: 4/4
   179 | D:1      | Reached skill level 1 in Fighting
   197 | D:1      | Reached XP level 2. HP: 15/21 MP: 0/6
   984 | D:1      | Gained mutation: You are in touch with the powers of death.
                  | [Mummy growth]
   984 | D:1      | Reached XP level 3. HP: 27/27 MP: 5/8
  1385 | D:2      | Identified the +1 pair of gloves "Vanuluoll" {Harm Drain
                  | rC+ rCorr}
  1791 | D:2      | Noticed Jessica
  1795 | D:2      | Killed Jessica
  1796 | D:2      | Reached XP level 4. HP: 34/34 MP: 6/10
  2027 | D:2      | Noticed Terence
  2037 | D:2      | Slain by Terence

Illustrated notes

Levels and vault maps discovered:
D:1:      heliophobic_arrival_battle_scene, layout_loops_ring
D:2:      layout_loops_ring, uniq_jessica, uniq_terence

Skill      XL: |  1  2  3 |
---------------+----------+-----
Fighting       | 1 2 |  2.7
Spellcasting   | 3 4 |  4.5
Dodging        | |  1.5
Stealth        | |  1.5
Necromancy     | |  4.0

Action                   |  1- 3 |  4- 6 || total
-------------------------+-------+-------++-------
Melee: Unarmed           |     8 |       ||     8
       Quarterstaff      |    12 |     2 ||    14
 Cast: Necrotise         |    81 |     8 ||    89
Armor: Robe              |    12 |       ||    12
Dodge: Dodged            |    29 |     4 ||    33

Table legend: (Time is in decaauts)
 A = Elapsed time spent in this place.
 B = Non-inter-level travel time spent in this place.
 C = Inter-level travel time spent in this place.
 D = Time resting spent in this place.
 E = Time spent auto-exploring this place.
 F = Levels seen in this place.
 G = Mean time per level.
                   A        B        C        D        E       F      G
               +--------+--------+--------+--------+--------+-----+--------+
         Total |   2040 |   2036 |      4 |      7 |   1762 |   2 | 1020.0 |
       Dungeon |   2040 |   2036 |      4 |      7 |   1762 |   2 | 1020.0 |
               +--------+--------+--------+--------+--------+-----+--------+

Top non-repeatable levels by time:
     D:1: 1169 daAuts
     D:2: 870 daAuts
